 Dungeon Crawl Stone Soup version 0.28-a0-883-gc8d7bad45d (webtiles) character file.

Game seed: 3016497366215846330

1204 horus123 the Covered (level 8, -20/54 HPs)
             Began as a Human Chaos Knight on Nov 22, 2021.
             Was a Plaything of Xom.
             Demolished by a two-headed ogre (26 damage)
             ... on level 6 of the Dungeon.
             The game lasted 00:13:15 (7424 turns).

horus123 the Covered (Human Chaos Knight)           Turns: 7424, Time: 00:13:18

Health: -20/54     AC: 11    Str:  8 (10) XL:     8   Next: 73%
Magic:  17/17      EV:  4    Int: 12 (13) God:    Xom [.*....]
Gold:   257        SH:  0    Dex: 13 (15) Spells: 7/7 levels left

rFire   + . .      SeeInvis .   l - +2 short sword (flame)
rCold   . . .      Faith    .   (no shield)
rNeg    . . .      Spirit   .   j - +1 chain mail
rPois   .          Reflect  .   (no helmet)
rElec   .          Harm     .   (no cloak)
rCorr   .          Rampage  .   (no gloves)
Will    .....                   (no boots)
Stlth   ..........              (no amulet)
HPRegen 0.18/turn               c - ring of protection from fire
MPRegen 0.15/turn               k - ring of magical power

@: liquefying, slowed movement, very slow
A: frail 1, weak 1
a: Renounce Religion


You were on level 6 of the Dungeon.
You worshipped Xom.
You were a plaything of Xom.
You visited 1 branch of the dungeon, and saw 6 of its levels.

You collected 257 gold pieces.

Inventory:

Hand Weapons
 a - a +0 mace of chaos
 e - a +0 dagger of flaming
 f - a +2 dagger of freezing
 l - a +2 short sword of flaming (weapon)
 m - a +0 morningstar
 o - a +2 short sword of venom
Missiles
 n - 49 arrows
Armour
 b - a +2 leather armour
 d - a +0 ring mail
 j - a +1 chain mail (worn)
Jewellery
 c - a ring of protection from fire (left hand)
 k - a ring of magical power (right hand)
Wands
 r - a wand of flame (21) (quivered)
Scrolls
 i - a scroll of teleportation
 p - a scroll of blinking
 s - a scroll of enchant weapon {unknown}
Potions
 g - a potion of resistance
 h - a potion of flight


   Skills:
 + Level 4.8 Fighting
 + Level 5.3 Short Blades
 + Level 4.0 Maces & Flails
 + Level 6.2 Armour
 + Level 2.2 Dodging
 + Level 0.5 Stealth
 * Level 1.1 Evocations


You had 7 spell levels left.
You didn't know any spells.
Your spell library contained the following spells:

 Spells                   Type           Power      Damage    Failure   Level
 Summon Small Mammal      Summ           0%         N/A       100%        1
 Corpse Rot               Necr/Air       0%         N/A       100%        2
 Call Canine Familiar     Summ           0%         N/A       100%        3
 Summon Guardian Golem    Hex/Summ       0%         N/A       100%        3
 Dispel Undead            Necr           0%         3d6       100%        4
 Death Channel            Necr           0%         N/A       100%        6


Dungeon Overview and Level Annotations

Branches:
Dungeon (6/15)
 Temple: D:4-7

Altars:
Makhleb


Innate Abilities, Weirdness & Mutations

You are frail. (-10% HP)
You are weak. (Str -2)


Message History

Your Armour skill increases to level 6!
No target in view! "This place needs a little more atmosphere."
Done exploring.
Done exploring.
Done exploring.
(D) Dungeon
Where to? (Enter - D:5, ? - help)
What level of the Dungeon? (default 1, ? - help)
There is a stone staircase leading down here.
You climb downwards.
Found an escape hatch in the ceiling.
There is a stone staircase leading up here.
You open the door.
There is an open door here.
There is an open door here.
Found 21 stones.
Found 20 stones.
You now have 257 gold pieces (gained 10).
You open the door.
A two-headed ogre comes into view.
It is wielding two +0 giant spiked clubs.
The two-headed ogre shouts in stereo!
The two-headed ogre hits you with a +0 giant spiked club!
The two-headed ogre hits you with a +0 giant spiked club!!
Xom's power flows through you!
The ground around you becomes liquefied!
Xom opens a gate.
Your quasit bites the two-headed ogre.
Your quasit claws the two-headed ogre but does no damage. x2
Your quasit bites the two-headed ogre.
Your quasit closely misses the two-headed ogre.
Your quasit barely misses the two-headed ogre.
Your quasit bites the two-headed ogre but does no damage.
Your quasit claws the two-headed ogre but does no damage.
Your quasit claws the two-headed ogre.
The two-headed ogre hits you with a +0 giant spiked club!!
* * * LOW HITPOINT WARNING * * *
The two-headed ogre hits you with a +0 giant spiked club!!
You die...
Xom titters!

#....#......#
#...##......#+##
#...######.....#
#....# #.....#
#....#
#.....#....#
#....#
#.....#....
#....#
#.....#...# .
#....#
#.....#...##..
#....#
#...@.+.....
#....#
#...§O#...
######
#...☼5#'####
####§......#
#☼......#
#....(..#
#.......#
#.......+
#.......#


You could see a two-headed ogre (ally target) and a friendly quasit (summoned).

Vanquished Creatures
  2 necrophages
  An ogre (D:5)
  2 scorpions (D:5)
  A water moccasin skeleton (D:4)
  A howler monkey (D:4)
  A centaur zombie (D:5)
  4 hounds (D:5)
  A bullfrog zombie (D:5)
  An orc priest (D:4)
  A gnoll shaman (D:5)
  A bullfrog skeleton (D:3)
  Terence (D:2)
  A scorpion zombie (D:5)
  2 orc wizards
  A killer bee zombie (D:5)
  A hound zombie (D:4)
  A hound skeleton (D:4)
  A howler monkey zombie (D:5)
  7 adders
  6 gnolls
  An ufetubus (D:5)
  2 adder skeletons (D:4)
  2 worms
  3 dart slugs
  13 orcs
  4 endoplasms
  2 giant cockroaches
  8 hobgoblins
  4 quokkas
  6 ball pythons
  5 bats
  3 frilled lizards
  5 goblins
  5 kobolds
  6 rats
106 creatures vanquished.

Vanquished Creatures (collateral kills)
  A black bear (D:4)
1 creature vanquished.

Vanquished Creatures (others)
  A plant (D:1)
1 creature vanquished.

Grand Total: 108 creatures vanquished

Notes
Turn   | Place    | Note
-------+----------+-------------------------------------------
     0 | D:1      | horus123 the Human Chaos Knight began the quest for the
                  | Orb.
     0 | D:1      | Reached XP level 1. HP: 18/18 MP: 1/1
   228 | D:1      | Reached XP level 2. HP: 24/24 MP: 2/2
   785 | D:1      | XOM: divination: magic mapping
  1221 | D:1      | Reached XP level 3. HP: 29/29 MP: 3/3
  1261 | D:1      | XOM is BORED!
  1644 | D:2      | Reached XP level 4. HP: 18/35 MP: 4/4
  1820 | D:2      | Found a faded altar of an unknown god.
  1892 | D:2      | Noticed Terence
  1900 | D:2      | Killed Terence
  2056 | D:2      | XOM: divination: magic mapping
  2472 | D:3      | XOM is BORED!
  2472 | D:3      | Found a burning altar of Makhleb.
  2472 | D:3      | XOM: 2-stop teleportation journey
  2492 | D:3      | XOM: butterfly on damage
  2623 | D:3      | XOM: smoke on damage
  2628 | D:3      | Reached XP level 5. HP: 36/41 MP: 5/5
  2703 | D:3      | Reached skill level 1 in Short Blades
  2703 | D:3      | Reached skill level 3 in Armour
  2948 | D:3      | XOM: enchant monster (bad)
  2961 | D:3      | Xom revived you
  2964 | D:3      | HP: 1/41 [orc (2)]
  3166 | D:3      | XOM: noise
  3825 | D:3      | XOM: silly message
  3829 | D:3      | XOM: potion effect (curing)
  3839 | D:3      | XOM: potion effect (brilliance)
  3858 | D:3      | Reached XP level 6. HP: 11/48 MP: 6/6
  3939 | D:3      | XOM: silly message
  4293 | D:4      | XOM: stealth player
  4415 | D:4      | Reached skill level 4 in Armour
  4428 | D:4      | Noticed a black bear
  4431 | D:4      | XOM: silly message
  4432 | D:4      | XOM: summons 3 friendly demons
  4438 | D:4      | Killed a black bear
  4454 | D:4      | XOM: cloud trail
  4715 | D:4      | XOM: silly message
  4812 | D:4      | Reached XP level 7. HP: 50/54 MP: 7/7
  5041 | D:4      | XOM: silly message
  5173 | D:4      | XOM: give mutation
  5173 | D:4      | Gained mutation: Your mind is acute. (Int +2) [Xom's grace]
  5203 | D:4      | XOM: god gift: 22 arrows
  5324 | D:5      | Entered Level 5 of the Dungeon
  5327 | D:5      | XOM: chaos upgrade
  5346 | D:5      | Reached skill level 5 in Armour
  5637 | D:4      | XOM: god gift: emerald ring {god gift}
  5678 | D:5      | Reached XP level 8. HP: 55/61 MP: 8/8
  5872 | D:5      | XOM: butterfly on damage
  5876 | D:5      | XOM: confusion (+ monsters)
  6446 | D:5      | Reached skill level 5 in Short Blades
  6629 | D:5      | Reached skill level 1 in Evocations
  6916 | D:5      | XOM: give mutations
  6916 | D:5      | Gained mutation: You are frail. (-10% HP) [Xom's mischief]
  6916 | D:5      | Lost mutation: Your mind is acute. (Int +2) [Xom's
                  | mischief]
  6916 | D:5      | Gained mutation: You are weak. (Str -2) [Xom's mischief]
  6946 | D:5      | XOM: summons 5 hostile demons
  6957 | D:5      | HP: 2/54 [shadow imp/nerve-wracking pain[Xom] (7)]
  7328 | D:5      | Reached skill level 6 in Armour
  7330 | D:5      | XOM: cloud trail
  7411 | D:6      | Noticed a two-headed ogre
  7416 | D:6      | XOM: cast spell 'Leda's Liquefaction'
  7421 | D:6      | XOM: summons friendly quasit
  7424 | D:6      | Demolished by a two-headed ogre

Illustrated notes

Levels and vault maps discovered:
D:1:      dpeg_arrival_tiny_g, layout_basic, grunt_decor_mini_mirrors,
          chequers_big_river, minmay_misc_feat_nine_boxes,
          minmay_misc_feat_more_columns, serial_bayou_crossing
D:2:      layout_loops_ring, chequers_ecumenical_altar_island,
          minmay_fractal_squares_gapless_5, uniq_terence
D:3:      layout_loops_ring, mainiacjoe_overflow_concentric_impassable
D:4:      minmay_general_purpose_star, layout_rooms, minivault_24
D:5:      layout_loops_cross, st_stairs_10
D:6:      layout_gridville, st_stairs_11

Skill      XL: |  1  2  3  4  5  6  7  8 |
---------------+-------------------------+-----
Short Blades   | 1 2 4 5 |  5.3
Maces & Flails | 4 |  4.0
Armour         | 3 4 5 6 |  6.2
Fighting       | 4 |  4.8
Dodging        | 2 |  2.2
Evocations     | 1 |  1.1
Stealth        | |  0.5

Action                   |  1- 3 |  4- 6 |  7- 9 || total
-------------------------+-------+-------+-------++-------
Melee: Mace              |    46 |       |       ||    46
       Dagger            |    33 |   107 |       ||   140
       Short sword       |       |    70 |   219 ||   289
Evoke: Wand              |       |       |    26 ||    26
  Use: Scroll            |     4 |     2 |     3 ||     9
       Potion            |       |     4 |     2 ||     6
Armor: Leather armour    |    19 |       |       ||    19
       Ring mail         |    22 |    29 |       ||    51
       Chain mail        |       |    62 |   122 ||   184
       Skin              |       |    15 |       ||    15
Dodge: Dodged            |    67 |    72 |    64 ||   203

Table legend: (Time is in decaauts)
 A = Elapsed time spent in this place.
 B = Non-inter-level travel time spent in this place.
 C = Inter-level travel time spent in this place.
 D = Time resting spent in this place.
 E = Time spent auto-exploring this place.
 F = Levels seen in this place.
 G = Mean time per level.
                   A        B        C        D        E       F      G
               +--------+--------+--------+--------+--------+-----+--------+
         Total |   7418 |   7323 |     95 |   1134 |   4782 |   6 | 1236.3 |
       Dungeon |   7418 |   7323 |     95 |   1134 |   4782 |   6 | 1236.3 |
               +--------+--------+--------+--------+--------+-----+--------+

Top non-repeatable levels by time:
     D:3: 1821 daAuts
     D:5: 1705 daAuts
     D:1: 1482 daAuts
     D:4: 1339 daAuts
     D:2: 1021 daAuts
     D:6: 48 daAuts
